 Dungeon Crawl Stone Soup version bcrawl-1.36.4 (webtiles) character file.

Game seed: 13830066454256305461

112668 BreqofToren the Covered (level 3, 0/30 HPs)
             Began as a Demigod Fighter on July 11, 2022.
             Slain by an ogre
             ... wielding a +0 giant club
              (21 damage)
             ... on level 2 of the Dungeon.
             The game lasted 00:03:15 (1401 turns).

BreqofToren the Covered (Demigod Fighter)           Turns: 1401, Time: 00:03:16

Health: 0/30       AC:  7    Str: 22    XL:     3   Next: 42%
Magic:  6/6        EV:  5    Int: 12    God:    Demigod [*.....]
Gold:   86         SH:  9    Dex: 16    Spells: 2/2 levels left

rFire    . . .     SeeInvis .   a - +0 flail
rCold    . . .     Gourm    .   c - +0 medium shield
rNeg     . . .     Faith    .   b - +1 scale mail
rPois    .         Spirit   .   (no helmet)
rElec    .         Reflect  .   (no cloak)
rCorr    .                      (no gloves)
MR       .....                  (no boots)
Stlth    ..........             (no amulet)
HPRegen  0.10/turn              (no ring)
MPRegen  0.10/turn              (no ring)

@: no status effects
A: high mp 1
a: Temporal Distortion


You were on level 2 of the Dungeon.
You worshipped Demigod.
Demigod was aware of your devotion.
You were not hungry.

You visited 1 branch of the dungeon, and saw 2 of its levels.

You collected 86 gold pieces.

Inventory:

Hand Weapons
 a - a +0 flail (weapon)
Armour
 b - a +1 scale mail (worn)
 c - a +0 medium shield (worn)
Scrolls
 h - a scroll of amnesia
 i - 2 scrolls of identify
Potions
 d - a potion of might
 f - a potion of curing
Comestibles
 e - 4 rations {!d}


   Skills:
 + Level 2.9 Fighting
 * Level 2.5 Maces & Flails
 + Level 2.9 Armour
 + Level 0.5 Dodging
 + Level 2.9 Shields
 + Level 1.1 Invocations


You had 2 spell levels left.
You didn't know any spells.
Your spell library was empty.

Dungeon Overview and Level Annotations

Branches:
Dungeon (2/12)

Annotations:
D:2 2 transporters, Sigmund


Innate Abilities, Weirdness & Mutations

You have an increased reservoir of magic. (+10% MP)


Message History

Sigmund gestures at you while chanting. The magic dart hits you.
All of the chunks of flesh in your inventory have rotted away.
Sigmund barely misses you.
There is a large open door here.
You closely miss Sigmund.
Sigmund says, "Look into my eyes."
Sigmund barely misses you.
You hit Sigmund.
Sigmund is lightly wounded.
Sigmund barely misses you. You block the ogre's attack.
You closely miss Sigmund.
Sigmund is lightly wounded.
You block the ogre's attack. Sigmund hits you but does no damage.
Your shield and scale mail prevent you from hitting Sigmund.
Sigmund is lightly wounded.
The ogre hits you with a +0 giant club!!
Ouch! That really hurt!
You die...
Your divinity fades.

#.#.....# #.
###########.#.....#
#.
#...........#.....
..
#...........#..#####
##
#....†..............
#...........########
#...............
#.......O..#####
#######@#......
####@#+#####
#^..w......# #.#.
#..........# #.#.
####..........# #.#.
#.............# #.#.
#.##.........<+ #.#.
#.#.#.#.#.#.#.# #.#.
#.............+ #.#.


You could see Sigmund, an ogre and a dart slug.

Vanquished Creatures
  An ooze (D:1)
  2 worms (D:2)
  A dart slug (D:2)
  2 leopard geckos (D:1)
  An orc (D:2)
  A giant cockroach (D:2)
  5 hobgoblins
  2 jackals (D:2)
  5 kobolds
  A quokka (D:2)
  A ball python (D:2)
  2 bats
  A frilled lizard (D:2)
  4 rats (D:2)
29 creatures vanquished.

Notes
Turn   | Place    | Note
-------+----------+-------------------------------------------
     0 | D:1      | BreqofToren the Demigod Fighter began the quest for the
                  | Orb.
     0 | D:1      | Reached XP level 1. HP: 18/18 MP: 3/3
   428 | D:1      | Reached XP level 2. HP: 17/25 MP: 4/4
   836 | D:2      | Reached skill level 1 in Invocations
   846 | D:2      | Reached XP level 3. HP: 6/30 MP: 6/6
  1018 | D:2      | Found a transporter.
  1026 | D:2      | Found a transporter.
  1039 | D:2      | Found a glowing silver altar of Zin.
  1356 | D:2      | Reached * piety under Demigod
  1382 | D:2      | Noticed Sigmund
  1382 | D:2      | Noticed an ogre
  1401 | D:2      | Slain by an ogre

Skill      XL: |  1  2 |
---------------+-------+-----
Maces & Flails | 2 |  2.5
Invocations    | 1 |  1.1
Fighting       | |  2.9
Armour         | |  2.9
Dodging        | |  0.5
Shields        | |  2.9

Action                   || total
-------------------------++-------
Melee: Flail             ||   116
  Use: Scroll            ||     3
  Eat: Chunk             ||     6
Armor: Scale mail        ||    70
Dodge: Dodged            ||    27
Block: Medium shield     ||    70
